 Dungeon Crawl Stone Soup version 0.27-a0-1147-gb3d8e82157 (webtiles) character file.

Game seed: 16967533240321181512

4663 freelancePsychic the Archer (level 10, -3/81 HPs)
             Began as a Minotaur Hunter on May 11, 2021.
             Was a High Priest of Zin.
             Slain by a gnoll shaman
             ... wielding a +0 halberd
              (13 damage)
             ... in a bailey.
             The game lasted 00:23:53 (8421 turns).

freelancePsychic the Archer (Minotaur Hunter)       Turns: 8421, Time: 00:23:54

Health: -3/81      AC: 13    Str: 20    XL:     10   Next: 20%
Magic:  13/13      EV:  6    Int: 11    God:    Zin [*****.]
Gold:   398        SH:  0    Dex: 11    Spells: 9/9 levels left

rFire    + + .     SeeInvis .   b - +7 hunting sling of a Labyrinth {freeze, rF+ Int+3}
rCold    + . .     Faith    .   (no shield)
rNeg     . . .     Spirit   .   I - +0 plate armour
rPois    +         Reflect  .   (helmet restricted)
rElec    +         Harm     .   (no cloak)
rCorr    +         Rampage  .   (no gloves)
Will     .....                  D - +0 pair of boots
Stlth    ..........             (no amulet)
HPRegen  0.23/turn              (no ring)
MPRegen  0.13/turn              (no ring)

@: resistant, on recite cooldown, very slightly contaminated, invisible
A: horns 2, retaliatory headbutt
a: Renounce Religion, Recite, Vitalisation, Imprison, Sanctuary, Donate Gold


You were in a bailey.
You worshipped Zin.
Zin was extremely pleased with you.
You visited 1 branch of the dungeon, and saw 9 of its levels.
You also visited: Ossuary and Bailey.

You collected 442 gold pieces.
You donated 44 gold pieces to Zin.

Inventory:

Hand Weapons
 a - a +1 shortbow
 b - the +7 hunting sling of a Labyrinth (weapon) {freeze, rF+ Int+3}
   (You found it on level 3 of the Dungeon)

   It causes projectiles fired from it to freeze those they strike, causing
   extra injury to most foes and up to half again as much damage against
   particularly susceptible opponents.
   They can also slow down cold-blooded creatures.
   It affects your intelligence (+3).
   It protects you from fire.
 c - the +6 glaive "Piacoefu" {freeze, rElec rN++ Will+++ Str-4}
   (You found it on level 6 of the Dungeon)

   It has been specially enchanted to freeze those struck by it, causing extra
   injury to most foes and up to half again as much damage against particularly
   susceptible opponents.
   It can also slow down cold-blooded creatures.
   It affects your strength (-4).
   It insulates you from electricity.
   It greatly protects you from negative energy.
   It greatly increases your willpower.
 f - a +2 halberd of flaming
Missiles
 d - 116 arrows
 E - 129 stones (quivered ammo)
Armour
 i - a +0 chain mail
 D - a +0 pair of boots (worn)
 I - a +0 plate armour (worn)
Jewellery
 p - a ring of magical power
Wands
 y - a wand of flame (55)
 C - a wand of acid (11)
 G - a wand of digging (2)
 H - a wand of paralysis (5)
Scrolls
 g - 3 scrolls of noise
 n - 3 scrolls of enchant weapon
 o - a scroll of magic mapping
 q - a scroll of amnesia
 s - 2 scrolls of enchant armour
 x - a scroll of silence
 B - 2 scrolls of holy word
Potions
 e - a potion of curing {@q1}
 h - 4 potions of degeneration
 k - 2 potions of mutation
 l - 2 potions of flight
 m - 2 potions of ambrosia
 u - a potion of attraction {unknown}
 w - a potion of cancellation
 z - a potion of berserk rage


   Skills:
 - Level 5.0 Fighting
 * Level 13.7 Bows
 - Level 5.5 Armour
 - Level 2.1 Dodging
 - Level 0.7 Stealth
 + Level 5.5 Invocations


You had 9 spell levels left.
You didn't know any spells.
Your spell library contained the following spells:

 Spells                   Type           Power      Damage    Failure   Level
 Magic Dart               Conj           0%         1d3       100%        1
 Sandblast                Erth           0%         2d4       100%        1
 Blink                    Tloc           N/A        N/A       100%        2
 Call Imp                 Summ           0%         N/A       100%        2
 Passwall                 Tmut/Erth      0%         N/A       100%        2
 Slow                     Hex            0%         N/A       100%        2
 Conjure Flame            Conj/Fire      0%         6-21      100%        3
 Mephitic Cloud           Conj/Pois/Air  0%         N/A       100%        3
 Stone Arrow              Conj/Erth      0%         3d7       100%        3
 Petrify                  Tmut/Erth      0%         N/A       100%        4
 Lee's Rapid Deconstruct  Erth           0%         3d5*      100%        5


Dungeon Overview and Level Annotations

Branches:
Dungeon (9/15)             Temple (0/1) D:7         Ossuary (visited)
 Bailey (1/1)
   Lair: D:8-11         Orc: D:9-12

Altars:
Ashenzari
Cheibriados
Dithmenos
Trog
Wu Jian
Zin

Shops:
D:9 ::

Annotations:
D:7 2 transporters, Vomitron's ghost, novice DjEE


Innate Abilities, Weirdness & Mutations

You have a pair of horns on your head.
You reflexively headbutt those who attack you in melee.


Message History

You feel better.
The gnoll is no longer dazed.
The gnoll shaman calls upon its god to heal the gnoll sergeant.
The gnoll sergeant is healed somewhat.
The gnoll sergeant hits the gnoll with a +0 glaive!
The gnoll is killed!
The gnoll sergeant hits itself with a +0 glaive!!
The gnoll sergeant is killed!
The gnoll sergeant hits your orc with a +0 glaive!!
Your orc dies!
Your orc's corpse dissolves into shadows!
Your gnoll closely misses the gnoll sergeant.
You feel better. The gnoll sergeant barely misses you.
Your gnoll barely misses the gnoll sergeant.
The gnoll shaman hits your gnoll with a +0 halberd!
Your gnoll dies!
Your gnoll's corpse dissolves into shadows!
Your gnoll hits the gnoll with a +0 flail.
The gnoll dies!
The gnoll sergeant hits you from afar with a +0 glaive.
* * * LOW HITPOINT WARNING * * *
The gnoll shaman hits you from afar with a +0 halberd.
* * * LOW HITPOINT WARNING * * *
The gnoll sergeant hits your gnoll with a +0 glaive!
Your gnoll dies!
Your gnoll's corpse dissolves into shadows!
The gnoll shaman hits your orc with a +0 trident!
Your orc dies!
Your orc's corpse dissolves into shadows!
Your gnoll barely misses the gnoll sergeant.
The gnoll shaman hits you from afar with a +0 halberd!
* * * LOW HITPOINT WARNING * * *
You feel better.
Your gnoll closely misses the gnoll sergeant.
The gnoll sergeant hits you from afar with a +0 glaive!
* * * LOW HITPOINT WARNING * * *
You feel better.
The gnoll shaman hits you from afar with a +0 trident.
* * * LOW HITPOINT WARNING * * *
The gnoll shaman hits you from afar with a +0 halberd!
You die...

.... (.. g(#
.....
..#.......
###(#..$8$..#
#.))#.......#
#...##.....##
#.)g.##
#8.gg.# +##
#@ogg)#.g.#.
##.g(.'.(.'..
##..(#...#..
#####...#
.... .....
≈≈≈≈ ♣♣♣♣


You could see a gnoll sergeant (fast, ally target), 3 gnoll shamans, a gnoll, a
friendly orc warrior (summoned, blind) and a friendly gnoll (summoned).

Vanquished Creatures
  Maggie (D:8)
  3 yaks (D:8)
  3 wraiths (D:8)
  A water moccasin (D:5)
  3 orc warriors
  A necrophage (D:5)
  3 sky beasts
  2 ice beasts
  A black bear (D:3)
  An ogre (D:5)
  A centaur (D:7)
  A kobold brigand (D:8)
  4 bullfrogs
  5 gnoll sergeants
  5 scorpions
  A wyvern zombie (D:9)
  2 wights (D:7)
  6 centaur zombies
  A jelly (D:4)
  5 hounds
  A bullfrog skeleton (D:6)
  2 centaur skeletons (D:7)
  2 gnoll shamans
  2 orc priests (D:8)
  3 iguanas
  4 orc wizards (D:8)
  A killer bee zombie (D:7)
  An ogre zombie (Ossuary)
  7 mummies (Ossuary)
  A howler monkey zombie (D:6)
  A hound skeleton (D:3)
  A howler monkey skeleton (D:4)
  25 gnolls
  3 adders
  2 shadow imps
  A white imp (D:7)
  4 adder zombies (Ossuary)
  13 orcs
  6 ball pythons
  2 bats
  5 endoplasms
  A giant cockroach (D:1)
  2 gnoll zombies (Ossuary)
  10 goblins
  10 hobgoblins
  3 jackals (D:3)
  8 kobolds
  6 quokkas
  3 frilled lizards
  5 goblin zombies (Ossuary)
  A hobgoblin zombie (Ossuary)
  4 kobold zombies (Ossuary)
  4 quokka zombies (Ossuary)
  11 rats
  5 rat zombies (Ossuary)
210 creatures vanquished.

Vanquished Creatures (collateral kills)
  A gnoll (Bailey)
1 creature vanquished.

Grand Total: 211 creatures vanquished

Notes
Turn   | Place    | Note
-------+----------+-------------------------------------------
     0 | D:1      | freelancePsychic the Minotaur Hunter began the quest for
                  | the Orb.
     0 | D:1      | Reached XP level 1. HP: 18/18 MP: 0/0
   149 | D:1      | Reached XP level 2. HP: 25/25 MP: 1/1
   300 | D:1      | Reached skill level 5 in Bows
   372 | D:1      | Reached XP level 3. HP: 31/31 MP: 2/2
  1125 | D:2      | Found a faded altar of an unknown god.
  1232 | D:3      | Reached XP level 4. HP: 39/39 MP: 3/3
  1308 | D:3      | Found an ornate altar of the Wu Jian Council.
  1498 | D:3      | Found a glowing silver altar of Zin.
  1505 | D:3      | Became a worshipper of Zin the Law-Giver
  1505 | D:3      | Reached * piety under Zin
  1740 | D:3      | Noticed an ice beast
  1753 | D:3      | Killed an ice beast
  1754 | D:3      | Reached skill level 6 in Bows
  1754 | D:3      | Reached XP level 5. HP: 33/46 MP: 4/4
  2168 | D:3      | Identified the +7 hunting sling of a Labyrinth {freeze, rF+
                  | Int+3}
  2214 | D:3      | Noticed a sky beast
  2219 | D:3      | Killed a sky beast
  2220 | D:3      | Reached skill level 7 in Bows
  2220 | D:3      | Reached XP level 6. HP: 53/53 MP: 5/5
  2362 | D:4      | Reached skill level 5 in Fighting
  2366 | D:4      | Found a sand-covered staircase.
  2375 | Ossuary  | Entered an ossuary
  2492 | Ossuary  | Reached skill level 8 in Bows
  2551 | Ossuary  | Reached XP level 7. HP: 20/61 MP: 6/6
  2808 | Ossuary  | Reached ** piety under Zin
  3136 | D:3      | Reached skill level 9 in Bows
  3136 | D:3      | Reached skill level 1 in Armour
  3349 | D:4      | Reached *** piety under Zin
  3594 | D:4      | Found a shadowy altar of Dithmenos.
  3611 | D:4      | Found a broken altar of Ashenzari.
  3880 | D:5      | Entered Level 5 of the Dungeon
  4034 | D:5      | Reached **** piety under Zin
  4194 | D:5      | Reached XP level 8. HP: 68/68 MP: 7/7
  4382 | D:5      | Reached skill level 10 in Bows
  4722 | D:5      | Found a snail-covered altar of Cheibriados.
  4986 | D:6      | Identified the +6 glaive "Piacoefu" {freeze, rElec rN++
                  | Will+++ Str-4}
  5348 | D:6      | Reached ***** piety under Zin
  5365 | D:6      | Noticed a two-headed ogre
  5674 | D:7      | Reached skill level 11 in Bows
  5674 | D:7      | Reached skill level 5 in Armour
  5691 | D:7      | Found a staircase to the Ecumenical Temple.
  5840 | D:7      | Found a transporter.
  5843 | D:7      | Noticed Vomitron's ghost (novice DjEE)
  5860 | D:7      | Reached skill level 1 in Invocations
  5864 | D:7      | Reached XP level 9. HP: 46/74 MP: 7/9
  5903 | D:7      | Noticed a moth of wrath
  6018 | D:7      | Found a transporter.
  6206 | D:7      | Found a bloodstained altar of Trog.
  6450 | D:7      | Reached skill level 12 in Bows
  6692 | D:8      | Noticed Maggie
  6700 | D:8      | Killed Maggie
  7095 | D:8      | Reached skill level 13 in Bows
  7641 | D:8      | Reached XP level 10. HP: 51/81 MP: 12/12
  7822 | D:8      | Found the +5 scythe "Finisher" {speed, eviscerate}
  7840 | D:8      | Reached skill level 5 in Invocations
  7993 | D:9      | Noticed a skeletal warrior
  7994 | D:9      | Noticed a two-headed ogre
  8072 | D:9      | Noticed a skeletal warrior
  8175 | D:9      | Found Zoavvisa's Book Boutique.
  8181 | D:9      | Found Ufesuul's Book Boutique.
  8202 | D:9      | Found a flagged portal.
  8214 | Bailey   | Entered a bailey
  8421 | Bailey   | Slain by a gnoll shaman

Illustrated notes

Levels and vault maps discovered:
D:1:      giann_wishing_wells, layout_rooms, minmay_heptomino_l4
D:2:      layout_basic, basic_ecumenical_altar, kennysheep_generic_room_9
D:3:      layout_loops_ring, lemuel_round_altar, nicolae_wu_jian_wuxing_cycle,
          minivault_5, eino_curves_03
D:4:      layout_cave_pools, ashenzari_altar_1, kennysheep_mini,
          lightli_ossuary_entry_decrepit_ruins, serial_rivers,
          chequers_serial_rivers_micro_b, chequers_serial_rivers_micro_b,
          chequers_serial_rivers_room_b, chequers_serial_rivers_marsh
D:5:      layout_cave_pods, lemuel_doored_altar
D:6:      layout_loops_ring, minmay_small_thing
D:7:      layout_basic, minmay_temple_entry_wispy,
          gammafunk_ghost_wrathful_warriors, serial_curves, eino_curves_03,
          eino_curves_02, eino_curves_02, eino_curves_03, sword_in_stone
D:8:      layout_basic, minmay_guarded_unrand_finisher, uniq_maggie
D:9:      layout_basic, enter_bailey_2, serial_ice, serial_ice_h, serial_ice_f,
          serial_ice_m, serial_ice_a, serial_ice_n, serial_shops,
          nicolae_shop_window_shopping, shop_fountains, serial_bayou_lake_a,
          uniq_erica, uniq_harold, uniq_psyche
Bailey:   bailey_polearm_gnolls_kennysheep, bailey

Skill      XL: |  1  2  3  4  5  6  7  8  9 10 |
---------------+-------------------------------+-----
Bows           | 5 6 7 8 9 11 13 | 13.7
Fighting       | 3 4 5 |  5.0
Armour         | 3 5 |  5.5
Invocations    | 1 4 5 |  5.5
Dodging        | |  2.1
Stealth        | |  0.7

Action                   |  1- 3 |  4- 6 |  7- 9 | 10-12 || total
-------------------------+-------+-------+-------+-------++-------
 Fire: Shortbow          |   106 |    45 |       |       ||   151
       Hunting sling     |       |    60 |   354 |    69 ||   483
Invok: Recite            |       |       |     9 |     6 ||    15
Evoke: Wand              |       |       |       |     1 ||     1
  Use: Scroll            |       |       |    13 |     8 ||    21
       Potion            |       |       |     1 |    12 ||    13
Armor: Leather armour    |     2 |       |       |       ||     2
       Chain mail        |     9 |    60 |   117 |       ||   186
       Plate armour      |       |       |       |    34 ||    34
Dodge: Dodged            |    10 |    26 |    69 |    36 ||   141

Table legend: (Time is in decaauts)
 A = Elapsed time spent in this place.
 B = Non-inter-level travel time spent in this place.
 C = Inter-level travel time spent in this place.
 D = Time resting spent in this place.
 E = Time spent auto-exploring this place.
 F = Levels seen in this place.
 G = Mean time per level.
                   A        B        C        D        E       F      G
               +--------+--------+--------+--------+--------+-----+--------+
         Total |   8537 |   8065 |    472 |    456 |   6090 |  11 |  776.1 |
       Dungeon |   7564 |   7092 |    472 |    160 |   5723 |   9 |  840.4 |
       Ossuary |    757 |    757 |      0 |    201 |    367 |   1 |  757.0 |
        Bailey |    215 |    215 |      0 |     95 |      0 |   1 |  215.0 |
               +--------+--------+--------+--------+--------+-----+--------+

Top non-repeatable levels by time:
     D:8: 1457 daAuts
     D:3: 1339 daAuts
     D:5: 1083 daAuts
     D:7: 1045 daAuts
 Ossuary: 757 daAuts
     D:1: 736 daAuts
     D:6: 698 daAuts
     D:4: 607 daAuts
     D:2: 483 daAuts
  Bailey: 215 daAuts
     D:9: 112 daAuts
